 Dungeon Crawl Stone Soup version 0.13.0 (webtiles) character file.

548404 Kejsarherre the Conqueror (level 24, -18/221 HPs)
             Began as a Minotaur Monk on Oct 12, 2013.
             Was the Champion of Ashenzari.
             Demolished by an Orb Guardian (22 damage)
             ... on Level 5 of the Realm of Zot.
             The game lasted 06:48:12 (90206 turns).

Kejsarherre the Conqueror (Minotaur Monk)          Turns: 90206, Time: 06:48:13

HP -18/221       AC 57     Str 30      XL: 24   Next: 93%
MP  10/34        EV  8     Int  5 (7)  God: Ashenzari [******]
Gold 1166        SH  0     Dex 13      Spells:  0 memorised, 23 levels left

Res.Fire  : + + +   See Invis. : +   g - +5,+11 great sword "Fruxaen" {flame, rElec rF+ Str-1}
Res.Cold  : + + .   Warding    : +   G - +14 crystal plate armour (curse)
Life Prot.: + . .   Conserve   : .   (no shield)
Res.Poison: .       Res.Corr.  : .   A - +0 cap (curse)
Res.Elec. : +       Clarity    : +   i - +2 cloak {MR+}
Sust.Abil.: . .     Spirit.Shd : .   l - +4 pair of gloves "Forget-Me-Not" {Str+3}
Res.Mut.  : .       Stasis     : .   S - +0 pair of boots (curse)
Res.Rott. : .       Flight     : .   p - cursed amulet "Scheuj" {Ward rElec rC+}
Saprovore : . . .                    Q - cursed ring of the Firefly {rF+ rC+ MR Dam+4}
                                     K - cursed ring of protection from fire

@: liquid flames, about to teleport, very slightly contaminated, hasted,
glowing, drained, very quick, extremely resistant to hostile enchantments,
extremely unstealthy
A: retaliatory headbutt, horns 2, berserk 1, blurry vision 1, carnivore 1,
deterioration 2, fast metabolism 1, -10% hp, -10% mp, slow healing 1
a: Scrying, Transfer Knowledge, Renounce Religion
}: 3/15 runes: decaying, serpentine, silver


You were on level 5 of the Realm of Zot.
You worshipped Ashenzari.
Ashenzari was exalted by your worship.
You were not hungry.

You visited 7 branches of the dungeon, and saw 59 of its levels.
You visited the Abyss 2 times.
You visited 1 bazaar.
You also visited: Labyrinth, Ice Cave and Wizlab.

You collected 7730 gold pieces.
You spent 6564 gold pieces at shops.

Inventory:

Hand weapons
 g - the cursed +5,+11 great sword "Fruxaen" (weapon) {flame, rElec rF+ Str-1}
   (You found it on level 4 of the Lair of Beasts)

   It emits flame when wielded, causing extra injury to most foes and up to
   double damage against particularly susceptible opponents.
   Big, fiery blades are also staple armaments of hydra-hunters.
   It affects your strength (-1).
   It protects you from fire.
   It insulates you from electricity.
   It has a curse placed upon it.
Armour
 i - a +2 cloak of magic resistance (worn)
 l - the +4 pair of gloves "Forget-Me-Not" (worn) {Str+3}
   (You found it on level 8 of the Lair of Beasts)

   It affects your strength (+3).
 A - a cursed +0 cap (worn)
 G - a cursed +14 crystal plate armour (worn)
 S - a cursed +0 pair of boots (worn)
Magical devices
 h - a wand of invisibility (2)
 I - a wand of hasting (7)
 J - a wand of disintegration (10)
 P - a wand of hasting (8)
 R - a wand of digging (2)
 U - a wand of teleportation (5)
Comestibles
 b - 8 bread rations
Scrolls
 q - a scroll of fear
Jewellery
 k - an uncursed amulet of warding
 m - an uncursed amulet of the gourmand
 p - the cursed amulet "Scheuj" (around neck) {Ward rElec rC+}
   (You found it on level 19 of the Dungeon)

   [amulet of warding]

   It protects you from cold.
   It insulates you from electricity.
   It has a curse placed upon it.
 s - a +2 ring of evasion
 u - an uncursed amulet of stasis
 v - an uncursed ring of poison resistance
 y - the amulet of Dewistre {rMut Str-2 Dex+2 Int+3}
   (You found it on level 7 of the Lair of Beasts)

   [amulet of resist mutation]

   It affects your strength (-2).
   It affects your intelligence (+3).
   It affects your dexterity (+2).
 B - an uncursed ring of protection from magic
 E - an uncursed ring of protection from cold
 K - a cursed ring of protection from fire (left hand)
 Q - the cursed ring of the Firefly (right hand) {rF+ rC+ MR Dam+4}
   (You found it on level 26 of the Dungeon)

   [ring of protection from magic]

   It affects your damage-dealing abilities (+4).
   It protects you from fire.
   It protects you from cold.
   It has a curse placed upon it.
Potions
 d - 2 potions of invisibility
 e - a potion of berserk rage
 f - a potion of curing
 j - a potion of might
 C - 5 potions of resistance
 Z - 2 potions of magic
Miscellaneous
 a - a stone of tremors
 c - a phial of floods
 n - a fan of gales
 o - a box of beasts
 r - a sack of spiders
 w - a lamp of fire
 D - a fan of gales
 L - a stone of tremors
 N - a stone of tremors
 T - a bottled efreet
 V - a fan of gales


   Skills:
 O Level 27(26.6) Fighting
 - Level 22.9(26.6) Long Blades
   Level 2.4(2.2) Axes
 - Level 24.0(26.6) Armour
 + Level 7.4(7.1) Dodging
 - Level 1.5(1.3) Stealth
   Level 14.1(13.8) Shields
 - Level 4.3(4.1) Unarmed Combat
 - Level 20.5(23.5) Evocations


You had 23 spell levels left.
You didn't know any spells.

Dungeon Overview and Level Annotations

Branches:
Dungeon (27/27)            Temple (0/1) D:4             Orc (4/4) D:8
    Elf (0/3) Orc:4          Lair (8/8) D:12          Swamp (5/5) Lair:4
  Snake (5/5) Lair:6        Slime (0/6) Lair:8       Vaults (5/5) D:20
  Blade (0/1) Vaults:4      Crypt (0/5) Vaults:3        Zot (5/5) D:27

Altars:
Ashenzari
Cheibriados
Elyvilon
Fedhas
Trog
Xom
Zin
the Shining One
Beogh
Jiyva

Shops:
D:8 *   D:9 !   D:14 *   D:22 !   D:23 *   Orc:1 (   Orc:4 %*}?   Vaults:5 [?

Portals:
Hell: D:21 D:22 D:23 D:24 D:25 D:26 D:27
Abyss: D:23 D:25 D:27
Pandemonium: D:24

Annotations:
D:26 1 exclusion
Zot:2 exclusion: oklob sapling


Innate Abilities, Weirdness & Mutations

You reflexively headbutt those who attack you in melee.
You have a pair of horns on your head.
You tend to lose your temper in combat.
Your vision is a little blurry.
Your digestive system is specialised to digest meat.
Your body is deteriorating.
You have a fast metabolism.
You are frail (-10% HP).
Your magical capacity is low (-10% MP).
You heal slowly.


Message History

Evoke which item? (* to show all) (? for menu, Esc to quit)
Zapping:
U - a wand of teleportation (6)
Press: ? - help, Shift-Dir - straight line, f - you You feel strangely unstable.
This wand has 5 charges left.
You are covered in liquid flames!
* * * LOW HITPOINT WARNING * * *
The electric golem hits you but does no damage.
The electric golem closely misses you.
The electric golem hits you but does no damage.
The Killer Klown teases you but does no damage.
The Orb Guardian hits you!
* * * LOW HITPOINT WARNING * * *
The orb of fire glows red.
Strange energies course through your body.
You feel less energetic.
Unknown command.
You are covered in liquid flames!
* * * LOW HITPOINT WARNING * * *
The Orb Guardian hits you!
You die...

..## *,,, ,...........,,
* ...##*, ,
,............,,* #...###
,,...,...........**
##....##......,.........#
###..^.......,,...X...#*
##############.....##
***#.....ddy.......## * *
......§D@*8.......# *
,......d*d.@.X...... * ,
........*Xd........, ,
,....y.............,* **
, ...D.....@.......,* , ,
................. * , ,,
............... * ,*, ,,
...y......... ,** * , ,
,........... , * *, , ,,
....., , ,


You could see 3 orbs of fire, 2 Killer Klowns, an electric golem, a shadow
dragon, a purple draconian, 2 draconians, 2 draconians, an ice dragon, 3 Orb
Guardians and 3 moths of wrath.

Vanquished Creatures
  2 orbs of fire (Zot:5)
  An ancient lich (Zot:5)
  Saint Roka (D:24)
  Boris (twice) (Snake:5 D:24)
  Sojobo (D:27)
  A silver star (D:25)
  the Lernaean hydra (Swamp:5)
  Norris (Vaults:2)
  Lamia (Snake:5)
  Mara (Snake:2)
  Mennas (D:26)
  2 golden dragons
  A curse toe (Zot:5)
  Jory (Vaults:4)
  An electric golem (Zot:2)
  Xtahua (Vaults:4)
  2 bone dragons
  8 tentacled monstrosities
  2 titans
  7 Orb Guardians (Zot:5)
  A quicksilver dragon (Vaults:2)
  2 liches
  4 storm dragons
  Rupert (Swamp:2)
  2 sphinxes
  15 tengu reavers
  3 daevas (D:25)
  7 shadow dragons
  2 draconian monks
  Wiglaf (Vaults:4)
  5 draconian scorchers
  9 fire giants
  4 frost giants
  2 ghost moths (Zot:5)
  9 vault wardens
  2 deep elf sorcerers
  2 draconian zealots
  An orc warlord (D:27)
  A curse skull (D:23)
  Gastronok (D:13)
  11 greater nagas (Snake:5)
  2 draconian annihilators
  52 stone giants
  3 angels (D:25)
  A green draconian (Zot:1)
  6 draconian shifters
  6 grey draconians
  An eidolon (Abyss:1)
  A purple draconian (Zot:1)
  2 yellow draconians
  2 black draconians
  4 red draconians
  The ghost of tsouns the Brawler, a powerful TrFi of Okawaru (IceCv)
  5 pale draconians
  3 white draconians (Zot:2)
  2 mottled draconians
  A deep elf annihilator (Vaults:5)
  A minotaur (shapeshifter) (Vaults:5)
  38 vault guards
  Snorg (D:15)
  A minotaur (Lab)
  12 dragons
  45 yaktaur captains
  12 ettins
  27 hydras
  10 ironheart preservers
  3 great orbs of eyes
  A deep elf high priest (Vaults:5)
  6 ice dragons
  Harold (Lair:3)
  2 ravenous item mimics
  A ravenous feature mimic (Vaults:1)
  2 deep troll earth magi (D:25)
  4 dancing weapons (Vaults:4)
  An iron elemental (D:23)
  Erica (Swamp:1)
  2 spectral stone giants (D:23)
  10 anacondas
  12 death yaks (Lair:8)
  2 rakshasas
  10 very ugly things
  4 wretched stars (Abyss:1)
  10 alligators
  A thrashing horror (Abyss:1)
  4 fire crabs
  37 naga warriors
  An orc high priest (Vaults:4)
  6 deep troll shamans
  17 ogre magi
  A soul eater (Vaults:5)
  Nergalle (Lair:5)
  An iron golem (D:23)
  32 centaur warriors
  3 deep elf knights
  6 catoblepae
  5 iron trolls
  A hell knight (Vaults:2)
  A large abomination (Abyss:1)
  A giant orange brain (D:23)
  An unseen horror (D:15)
  14 deep trolls
  2 ice devils
  6 cherubim (D:25)
  Erolcha (D:12)
  4 harpies (D:22)
  4 flayed ghosts
  10 swamp dragons
  5 ice statues
  The ghost of Aneto the Cudgeler, an experienced GrFi of Elyvilon (D:7)
  2 flaming corpses (D:23)
  Pikel (D:4)
  2 hill giants (shapeshifter)
  A necromancer (D:23)
  5 deep elf conjurers
  9 hill giants
  7 giant amoebae
  17 orc knights
  12 ironbrand convokers
  A deathcap (Zot:4)
  2 oklob plants
  5 red wasps
  2 fire giant zombies
  11 cyclopes
  5 wolf spiders
  6 phantasmal warriors
  5 sixfirhies
  2 frost giant zombies
  2 draconian zombies (Zot:1)
  7 griffons
  2 wizards
  A moth of wrath (shapeshifter) (Vaults:5)
  6 stone giant zombies
  A sphinx skeleton (D:17)
  2 orc sorcerers (Orc:4)
  6 spiny worms
  11 elephants
  12 stone giant skeletons
  9 vault sentinels
  4 stone golems
  8 moths of wrath
  33 black mambas
  2 fire giant skeletons (D:23)
  4 frost giant skeletons
  2 queen ants
  A yaktaur (shapeshifter) (D:18)
  10 guardian serpents
  5 smoke demons (Abyss:1)
  18 spiny frogs
  An eye of devastation (D:14)
  2 vapours
  A redback zombie (D:18)
  2 orange demons
  A purple draconian zombie (Zot:1)
  61 yaktaurs
  A spectral deep troll (D:23)
  A grey draconian zombie (Zot:2)
  A hellwing (Vaults:5)
  2 iron troll zombies
  24 naga magi
  A red draconian zombie (Zot:2)
  A red draconian skeleton (Abyss:1)
  2 jumping spiders (shapeshifter)
  11 trolls
  2 fire drakes
  A spectral glowing shapeshifter (D:23)
  A blue devil (Zot:4)
  3 deep elf priests
  2 jumping spiders
  A red devil (Zot:2)
  6 giant leeches
  A giant leech (shapeshifter) (Vaults:5)
  9 komodo dragons
  A polar bear (shapeshifter) (D:23)
  2 iron troll skeletons
  A hydra zombie (D:15)
  2 burning bushes (D:23)
  A moth of wrath zombie (Zot:1)
  Sonja (D:12)
  2 ancient zymes (Abyss:1)
  A fire vortex (D:23)
  A polar bear (Lair:7)
  A blink frog (shapeshifter) (Vaults:3)
  3 boulder beetles
  A frost giant simulacrum (D:23)
  3 wyverns
  9 bog bodies
  A giant firefly (shapeshifter) (D:22)
  26 two-headed ogres
  A raven (Swamp:1)
  8 blink frogs
  A stone giant simulacrum (Vaults:3)
  32 slime creatures
  3 wandering mushrooms
  2 ettin zombies (D:22)
  12 basilisks
  A basilisk (shapeshifter) (Vaults:2)
  7 shadows
  2 trapdoor spider zombies
  A trapdoor spider (D:18)
  13 water elementals (D:20)
  58 yaks
  5 redbacks
  4 vampires
  6 deep elf magi
  8 wraiths
  3 chaos spawn
  94 ugly things
  2 redbacks (shapeshifter)
  4 fire elementals
  2 ynoxinuls (Abyss:1)
  2 hill giant zombies
  A neqoxec (Vaults:2)
  Grum (D:12)
  A shark (D:20)
  A steam dragon (Lair:7)
  9 hippogriffs
  A golden eye (shapeshifter) (D:16)
  16 wolves
  6 deep elf fighters
  A hippogriff (shapeshifter) (D:21)
  6 hungry ghosts
  A merfolk (shapeshifter) (D:26)
  Menkaure (D:4)
  47 swamp worms
  6 manticores
  30 vampire mosquitoes
  A hell hound (Vaults:3)
  4 rock worms
  7 porcupines
  13 swamp drakes
  3 sky beasts
  11 freezing wraiths
  A deep dwarf (shapeshifter) (Vaults:5)
  57 orc warriors
  7 small abominations
  A swamp drake (shapeshifter) (Vaults:4)
  3 deep troll skeletons
  An iron troll simulacrum (D:23)
  23 soldier ants
  31 ice beasts
  5 mottled dragons
  103 nagas
  A phantom (D:4)
  2 black bears
  2 giant goldfish (Lair:7)
  81 centaurs
  A giant amoeba simulacrum (D:14)
  A boring beetle (shapeshifter) (D:26)
  86 ogres
  A human (D:11)
  A yellow wasp (D:12)
  5 big kobolds
  A boring beetle (Lair:5)
  6 crocodiles
  Duvessa (D:5)
  61 water moccasins
  13 giant slugs
  A yaktaur zombie (D:20)
  2 draconians (shapeshifter)
  11 wargs
  19 giant frogs
  Blork the orc (D:9)
  A silver statue (D:23)
  A giant slug zombie (D:15)
  A gnoll sergeant (D:9)
  An agate snail (shapeshifter) (D:20)
  A brain worm (Abyss:1)
  2 cyclops zombies (D:15)
  A glowing shapeshifter simulacrum (D:23)
  5 agate snails
  36 insubstantial wisps
  A yaktaur skeleton (Vaults:1)
  A deep troll simulacrum (D:23)
  A boulder beetle zombie (Vaults:3)
  A cyclops skeleton (D:14)
  2 yak zombies (D:13)
  A hippogriff zombie (D:9)
  A killer bee (shapeshifter) (D:21)
  19 killer bees
  17 electric eels
  A fire bat (shapeshifter) (Vaults:2)
  7 fire bats (Abyss:1)
  2 pulsating lumps (shapeshifter)
  A troll skeleton (D:13)
  Dowan (D:5)
  6 crimson imps
  A goliath beetle (D:9)
  A lava snake (D:23)
  A quasit (D:10)
  32 orc priests
  A soldier ant zombie (D:10)
  A yellow wasp zombie (D:14)
  4 jellies
  2 centaur skeletons (D:6)
  14 hounds
  An iron imp (Abyss:1)
  19 big fish
  5 scorpions
  8 iguanas
  4 orange rats (Lair:6)
  28 orc wizards
  64 worker ants
  12 sheep
  A sky beast zombie (D:9)
  Jessica (D:2)
  An ogre zombie (Orc:4)
  An ogre skeleton (D:9)
  A big kobold skeleton (D:10)
  10 boggarts
  A mummy (D:9)
  A worker ant zombie (D:6)
  3 gnolls (D:6)
  50 adders
  10 giant centipedes
  3 giant mites
  42 green rats
  2 white imps
  An inept feature mimic (D:3)
  A goliath beetle zombie (D:10)
  A worm (D:2)
  10 ufetubi (Abyss:1)
  An adder skeleton (D:4)
  2 giant eyeballs (D:7)
  6 giant geckos
  2 oozes (D:3)
  An orc (shapeshifter) (D:21)
  190 orcs
  3 ball pythons
  A bat zombie (D:5)
  5 giant cockroaches
  35 goblins
  19 hobgoblins
  23 bats
  A giant cockroach zombie (D:6)
  A giant gecko skeleton (D:4)
  4 giant newts
  A giant spore (D:9)
  5 illusory rakshasas
  18 jackals
  A jackal zombie (D:7)
  40 kobolds
  2 orc skeletons
  2 orc zombies
  13 quokkas
  20 rats
  A rat skeleton (D:7)
  8 spectral orcs (Lair:5)
  4 ballistomycetes
  A plant (D:12)
  5 toadstools (WizLab)
2866 creatures vanquished.

Vanquished Creatures (collateral kills)
  A storm dragon (D:25)
  2 vault wardens
  A deep elf demonologist (Vaults:4)
  Azrael (Vaults:3)
  5 vault guards (Vaults:4)
  2 ironheart preservers
  4 yaktaur captains
  A deep troll earth mage (D:25)
  A centaur warrior (Vaults:4)
  An unseen horror (shapeshifter) (Vaults:2)
  An ironbrand convoker (Vaults:4)
  2 vault sentinels (Vaults:4)
  5 yaktaurs
  A wraith (Vaults:3)
  A basilisk (D:9)
  An ugly thing (Vaults:2)
  A tarantella (D:26)
  A hell hound (Vaults:3)
  An ice beast (IceCv)
  2 centaurs (Vaults:4)
  An ogre (Vaults:3)
  A boulder beetle zombie (Vaults:3)
  A quasit (Vaults:4)
  An orc priest (D:8)
  A sheep (Vaults:2)
  An ufetubus (Vaults:4)
41 creatures vanquished.

Vanquished Creatures (others)
  An ironheart preserver (Vaults:4)
  A centaur warrior (Vaults:1)
  2 ball lightnings (Swamp:1)
  28 air elementals
  A deep elf conjurer (D:23)
  2 fire elementals
  A vapour (Swamp:1)
  6 jumping spiders
  3 orb spiders
  2 fire vortices (D:23)
  2 trapdoor spiders (Vaults:4)
  An ice dragon zombie (Zot:2)
  A deep elf mage (Vaults:3)
  3 redbacks (Vaults:2)
  A hell hound (Vaults:3)
  A naga (Snake:5)
  An ogre (Orc:4)
  An insubstantial wisp (Swamp:1)
  3 chimeras
  An orc priest (D:10)
  2 orc wizards
  A boggart (Vaults:3)
  An orc (D:10)
  3 giant spores
  A lurking horror (Abyss:1)
  2 fungi
  3 plants
  A toadstool (WizLab)
76 creatures vanquished.

Grand Total: 2983 creatures vanquished

Notes
Turn   | Place    | Note
--------------------------------------------------------------
     0 | D:1      | Kejsarherre, the Minotaur Monk, began the quest for the Orb.
     0 | D:1      | Reached XP level 1. HP: 17/17 MP: 0/0
   106 | D:1      | Reached skill level 1 in Armour
   362 | D:1      | Reached XP level 2. HP: 18/24 MP: 0/0
   900 | D:2      | Reached XP level 3. HP: 25/30 MP: 1/1
   958 | D:2      | Noticed Jessica
  1137 | D:2      | Killed Jessica
  1293 | D:2      | Reached XP level 4. HP: 15/38 MP: 1/1
  1635 | D:2      | Found a glowing golden altar of the Shining One.
  1959 | D:3      | Reached skill level 1 in Axes
  2015 | D:3      | Reached XP level 5. HP: 44/44 MP: 1/1
  2230 | D:2      | HP: 2/44 [orc/orcish falchion of flaming (3)]
  2526 | D:3      | Reached skill level 1 in Long Blades
  2955 | D:3      | Found a bloodstained altar of Trog.
  2955 | D:3      | Found a glowing golden altar of the Shining One.
  2956 | D:3      | Found a shattered altar of Ashenzari.
  2964 | D:3      | Became a worshipper of Ashenzari the Shackled
  2964 | D:3      | Acquired Ashenzari's first power
  3409 | D:4      | Reached XP level 6. HP: 41/51 MP: 2/2
  3414 | D:4      | Noticed a phantom
  3531 | D:4      | Killed a phantom
  3531 | D:4      | Reached skill level 5 in Long Blades
  3611 | D:4      | Noticed a black bear
  3616 | D:4      | Killed a black bear
  3647 | D:4      | Noticed Menkaure
  3650 | D:4      | Killed Menkaure
  3650 | D:4      | Reached skill level 6 in Long Blades
  3650 | D:4      | Reached XP level 7. HP: 58/58 MP: 2/2
  3954 | D:4      | Reached skill level 7 in Long Blades
  4048 | D:4      | Noticed an ogre
  4056 | D:4      | Killed an ogre
  4056 | D:4      | Reached skill level 8 in Long Blades
  4082 | D:4      | Found a staircase to the Ecumenical Temple.
  4283 | D:4      | Noticed a slave
  4284 | D:4      | Noticed a slave
  4287 | D:4      | Noticed Pikel
  4288 | D:4      | Noticed a slave
  4288 | D:4      | Noticed a slave
  4311 | D:4      | Killed Pikel
  4311 | D:4      | Reached skill level 10 in Long Blades
  4311 | D:4      | Reached XP level 8. HP: 56/64 MP: 2/2
  4349 | D:5      | Entered Level 5 of the Dungeon
  4485 | D:5      | Noticed Duvessa
  4485 | D:5      | Noticed Dowan
  4967 | D:5      | Killed Duvessa
  4993 | D:5      | Killed Dowan
  5216 | D:5      | Reached skill level 11 in Long Blades
  5991 | D:5      | Reached skill level 12 in Long Blades
  6015 | D:6      | Reached XP level 9. HP: 54/71 MP: 3/3
  6859 | D:7      | Reached skill level 5 in Fighting
  6876 | D:7      | Noticed Aneto's ghost (experienced GrFi)
  6921 | D:7      | Killed Aneto's ghost
  7162 | D:7      | Acquired Ashenzari's second power
  7166 | D:7      | Paralysed by a giant eyeball for 4 turns
  8375 | D:8      | Found Erruoj's General Store.
  8400 | D:8      | Reached XP level 10. HP: 65/81 MP: 3/3
  8777 | D:8      | Found a glowing golden altar of the Shining One.
  9311 | D:9      | Found Imaxuax's Distillery.
  9326 | D:9      | Bought a potion of might for 30 gold pieces
  9326 | D:9      | Bought a potion of might for 30 gold pieces
  9326 | D:9      | Bought a potion of might for 30 gold pieces
  9495 | D:10     | Entered Level 10 of the Dungeon
  9658 | D:9      | Noticed an ogre mage
  9713 | D:10     | Reached skill level 10 in Armour
 10706 | D:10     | Reached skill level 1 in Evocations
 11053 | D:10     | Found a glowing golden altar of the Shining One.
 12027 | D:9      | Reached XP level 11. HP: 40/92 MP: 6/7
 12160 | D:9      | Killed an ogre mage
 12160 | D:9      | Reached skill level 10 in Fighting
 12783 | D:9      | Noticed a centaur warrior
 12789 | D:9      | Noticed Blork the orc
 12800 | D:9      | Killed a centaur warrior
 12812 | D:9      | Killed Blork the orc
 12896 | D:9      | Reached skill level 1 in Shields
 13263 | D:9      | Noticed a hill giant
 13276 | D:9      | Killed a hill giant
 13615 | D:8      | Found a staircase to the Orcish Mines.
 13622 | D:8      | Found a roughly hewn altar of Beogh.
 13876 | D:8      | Acquired Ashenzari's third power
 14097 | D:8      | Reached skill level 5 in Shields
 14359 | D:11     | Noticed a hill giant
 14386 | D:11     | Killed a hill giant
 15301 | D:12     | Noticed Erolcha
 15360 | D:12     | Found a blossoming altar of Fedhas.
 15494 | D:12     | Identified the +6,+10 falchion "Haud" {freeze, +Blink rC+}
 15529 | D:12     | Found a staircase to the Lair.
 15625 | D:13     | Noticed Gastronok
 15806 | D:12     | Noticed Sonja
 15808 | D:12     | Noticed Grum
 15842 | D:12     | Reached skill level 13 in Long Blades
 15847 | D:12     | Killed Grum
 15893 | Lair:1   | Entered Level 1 of the Lair of Beasts
 15901 | Lair:1   | Reached XP level 12. HP: 89/101 MP: 12/12
 16011 | Lair:1   | Reached skill level 10 in Shields
 16075 | Lair:1   | Acquired Ashenzari's fourth power
 18552 | Lair:3   | Noticed Harold
 18574 | Lair:3   | Killed Harold
 18652 | Lair:3   | Reached skill level 14 in Shields
 19275 | Lair:4   | Found a labyrinth entrance.
 19285 | Lab      | Entered a labyrinth
 19602 | Lab      | Noticed a minotaur
 19610 | Lab      | Killed a minotaur
 19610 | Lab      | Reached skill level 5 in Evocations
 19623 | Lair:4   | Found a frozen archway.
 19633 | IceCv    | Entered an ice cave
 19633 | IceCv    | Noticed tsouns' ghost (powerful TrFi)
 19646 | IceCv    | Killed tsouns' ghost
 19646 | IceCv    | Reached XP level 13. HP: 63/108 MP: 14/16
 21559 | Lair:4   | Identified the +5,+11 great sword "Fruxaen" {flame, rElec rF+ Str-1} (You found it on level 4 of the Lair of Beasts)
 21621 | Lair:4   | Found a staircase to the Swamp.
 22972 | Lair:5   | Noticed Nergalle
 22985 | Lair:5   | Killed Nergalle
 23444 | Lair:5   | Paralysed by you for 5 turns
 23849 | Lair:5   | Reached skill level 15 in Long Blades
 24108 | Lair:6   | Found a staircase to the Snake Pit.
 25201 | Lair:6   | Reached skill level 16 in Long Blades
 26332 | Lair:7   | Reached XP level 14. HP: 75/116 MP: 20/20
 26751 | Lair:7   | Reached skill level 17 in Long Blades
 26822 | Lair:7   | Gained mutation: You are frail (-10% HP). [potion of mutation]
 26822 | Lair:7   | Gained mutation: You have a fast metabolism. [potion of mutation]
 26822 | Lair:7   | Gained mutation: Your body is slowly deteriorating. [potion of mutation]
 26823 | Lair:7   | Gained mutation: You are clumsy. (Dex -2) [potion of mutation]
 26823 | Lair:7   | Gained mutation: You are weak. (Str -2) [potion of mutation]
 26823 | Lair:7   | Gained mutation: Armour fits poorly on your strangely shaped body. [potion of mutation]
 26842 | Lair:7   | Gained mutation: You digest meat inefficiently. [potion of mutation]
 26842 | Lair:7   | Gained mutation: Your body is deteriorating. [potion of mutation]
 26981 | Lair:2   | Lost mutation: You are weak. (Str -2) [potion of cure mutation]
 26981 | Lair:2   | Lost mutation: You have a fast metabolism. [potion of cure mutation]
 26981 | Lair:2   | Lost mutation: Your body is deteriorating. [potion of cure mutation]
 26981 | Lair:2   | Lost mutation: Armour fits poorly on your strangely shaped body. [potion of cure mutation]
 26981 | Lair:2   | Lost mutation: You are clumsy. (Dex -2) [potion of cure mutation]
 27193 | Lair:7   | Got an uncursed vibrating tin amulet
 27287 | Lair:8   | Entered Level 8 of the Lair of Beasts
 28050 | Lair:8   | Found a staircase to the Slime Pits.
 28051 | Lair:8   | Found a viscous altar of Jiyva.
 28061 | Lair:8   | Identified the +4 pair of gloves "Forget-Me-Not" {Str+3}
 28827 | Lair:8   | Reached skill level 10 in Evocations
 29548 | D:12     | Killed Sonja
 29876 | D:12     | Killed Erolcha
 30080 | D:13     | Killed Gastronok
 30381 | D:13     | Noticed a centaur warrior
 30389 | D:13     | Killed a centaur warrior
 30561 | D:13     | Identified the amulet of Dewistre {rMut Str-2 Dex+2 Int+3} (You found it on level 7 of the Lair of Beasts)
 30809 | D:13     | Noticed a centaur warrior
 30818 | D:13     | Killed a centaur warrior
 30997 | D:14     | Entered Level 14 of the Dungeon
 31591 | D:14     | Found Fawaxto's General Store.
 31683 | D:14     | Reached XP level 15. HP: 110/110 MP: 26/26
 32289 | Orc:1    | Entered Level 1 of the Orcish Mines
 32478 | Orc:1    | Found Gop Muzu's Weapon Shop.
 32499 | Orc:1    | Found a bloodstained altar of Trog.
 32930 | Orc:2    | Found a bloodstained altar of Trog.
 33584 | Orc:4    | Entered Level 4 of the Orcish Mines
 35191 | Orc:4    | Found a staircase to the Elven Halls.
 35924 | Orc:4    | Found Gaidumoi's General Store.
 35924 | Orc:4    | Found Striamipp's Gadget Shoppe.
 35927 | Orc:4    | Found Noppante's Food Boutique.
 35929 | Orc:4    | Found Dutt's Magic Scroll Emporium.
 35935 | Orc:4    | Bought a scroll of blinking for 82 gold pieces
 35935 | Orc:4    | Bought a scroll of identify for 30 gold pieces
 35935 | Orc:4    | Bought a scroll of enchant armour for 82 gold pieces
 35935 | Orc:4    | Bought a scroll of identify for 30 gold pieces
 35935 | Orc:4    | Bought a scroll of curse armour for 30 gold pieces
 35939 | Orc:4    | Bought a scroll of enchant armour for 66 gold pieces
 36609 | Swamp:1  | Entered Level 1 of the Swamp
 36996 | Swamp:1  | Noticed Erica
 37000 | Swamp:1  | Paralysed by Erica for 3 turns
 37019 | Swamp:1  | Killed Erica
 37019 | Swamp:1  | Reached skill level 18 in Long Blades
 38752 | Swamp:2  | Noticed Rupert
 38753 | Swamp:2  | Paralysed by Rupert for 6 turns
 38765 | Swamp:2  | Paralysed by Rupert for 3 turns
 38773 | Swamp:2  | Killed Rupert
 40481 | Swamp:4  | Reached XP level 16. HP: 43/125 MP: 28/28
 41221 | Swamp:5  | Entered Level 5 of the Swamp
 41848 | Swamp:5  | Reached skill level 15 in Fighting
 42855 | Swamp:5  | Reached skill level 15 in Armour
 43151 | Swamp:5  | Noticed the 27-headed Lernaean hydra
 44016 | Swamp:5  | Killed the 25-headed Lernaean hydra
 44326 | Swamp:5  | Got a decaying rune of Zot
 44859 | Orc:4    | Bought an uncursed ring of poison resistance for 240 gold pieces
 45183 | Snake:1  | Entered Level 1 of the Snake Pit
 45434 | Snake:1  | Identified Etaga's Collected Works on Bewitchment (You found it on level 1 of the Snake Pit)
 45769 | Snake:2  | Identified a scroll of acquirement
 46111 | Snake:3  | Noticed Mara
 46656 | Snake:3  | Noticed Mara
 46656 | Snake:3  | Noticed Mara
 46687 | Snake:2  | Noticed Mara
 46688 | Snake:2  | Noticed Kejsarherre's illusion
 46691 | Snake:2  | Noticed Mara
 46970 | Snake:2  | Killed Mara
 47766 | Snake:4  | Reached XP level 17. HP: 125/138 MP: 29/29
 48630 | Snake:5  | Entered Level 5 of the Snake Pit
 48945 | Snake:5  | Found a snail-covered altar of Cheibriados.
 49738 | Snake:5  | Noticed Boris
 50144 | Snake:5  | Noticed Lamia
 50171 | Snake:5  | Killed Lamia
 50602 | Snake:5  | Killed Boris
 50836 | Snake:5  | HP: 6/140 [guardian serpent (12)]
 53486 | Snake:5  | Reached XP level 18. HP: 140/150 MP: 30/30
 53795 | Snake:5  | Got a serpentine rune of Zot
 53865 | Snake:5  | Identified a cursed +2 rod of striking (7/7) (You took it off a naga on level 5 of the Snake Pit)
 54090 | Snake:5  | Reached skill level 19 in Fighting
 54832 | D:15     | Entered Level 15 of the Dungeon
 55341 | D:15     | Noticed Snorg
 55354 | D:15     | Killed Snorg
 55464 | D:15     | Found a blossoming altar of Fedhas.
 56308 | D:17     | Identified a +2 rod of demonology (11/11)
 57329 | D:18     | Identified the Compendium of Calling
 58074 | D:19     | Identified the amulet "Scheuj" {Ward rElec rC+}
 58590 | D:20     | Entered Level 20 of the Dungeon
 58684 | D:20     | Reached skill level 20 in Long Blades
 58695 | D:20     | Found a staircase to the Vaults.
 59359 | D:20     | Reached XP level 19. HP: 147/160 MP: 31/31
 60812 | Vaults:1 | Entered Level 1 of the Vaults
 60851 | Vaults:1 | Identified the +8,+7 quarterstaff of Beogh's Favour {flame, rF+ Stlth++}
 61934 | Vaults:1 | Reached skill level 15 in Evocations
 62484 | Vaults:2 | Noticed Norris
 62502 | Vaults:2 | Killed Norris
 62807 | Vaults:2 | Reached skill level 21 in Long Blades
 64445 | Vaults:2 | Cast into the Abyss (deep elf sorcerer)
 65226 | Abyss:1  | Found a corrupted altar of Lugonu.
 65392 | Vaults:2 | Escaped the Abyss
 65732 | Vaults:2 | Reached XP level 20. HP: 110/170 MP: 33/33
 65978 | Vaults:2 | Identified the +6,+6 sabre "Ox" {flame, Dex+3}
 65979 | Vaults:2 | Identified the +8,+4 great mace of Ronuwu {flame, rF+ Stlth+}
 66183 | Vaults:3 | Found a flickering gateway to a bazaar.
 66187 | Bazaar   | Entered a bazaar
 66187 | Bazaar   | Found Nosum's Jewellery Emporium.
 66187 | Bazaar   | Found Diexad's Jewellery Shop.
 66187 | Bazaar   | Found Khu Hiaze's Distillery.
 66188 | Bazaar   | Found Joumyo's Book Shoppe.
 66189 | Bazaar   | Found Xass' Gadget Shoppe.
 66219 | Bazaar   | Bought a potion of heal wounds for 48 gold pieces
 66219 | Bazaar   | Bought a potion of resistance for 112 gold pieces
 66219 | Bazaar   | Bought a potion of heal wounds for 48 gold pieces
 66219 | Bazaar   | Bought a potion of restore abilities for 48 gold pieces
 66219 | Bazaar   | Bought a potion of curing for 32 gold pieces
 66219 | Bazaar   | Bought a potion of curing for 32 gold pieces
 66219 | Bazaar   | Bought 2 potions of curing for 64 gold pieces
 66236 | Bazaar   | Bought a fan of gales for 1500 gold pieces
 66236 | Bazaar   | Bought a stone of tremors for 1500 gold pieces
 66248 | Vaults:3 | Noticed Azrael
 66261 | Vaults:3 | Killed Azrael
 66541 | Vaults:3 | Found a staircase to the Crypt.
 67747 | Vaults:4 | Identified the +4 blowgun "Rovaroet" {speed, rN+}
 67770 | Vaults:4 | Noticed Xtahua
 67797 | Vaults:4 | Killed Xtahua
 68341 | Vaults:4 | Noticed Wiglaf
 68356 | Vaults:4 | Killed Wiglaf
 68843 | Vaults:4 | Found a white marble altar of Elyvilon.
 68852 | Vaults:4 | Found a staircase to the Hall of Blades.
 69493 | Vaults:5 | Entered Level 5 of the Vaults
 69733 | Vaults:4 | Reached XP level 21. HP: 65/176 MP: 36/36
 70270 | Vaults:5 | Noticed Jory
 70286 | Vaults:4 | HP: 2/176 [quicksilver dragon/bolt of dispelling energy (33)]
 70330 | Vaults:3 | HP: 5/176 [quicksilver dragon/bolt of dispelling energy (26)]
 70711 | Vaults:2 | Identified the cursed -4 ring mail of the Equator {Stlth+} (You found it on level 5 of the Dungeon)
 70711 | Vaults:2 | Identified the +2 leather armour of Mukuuppo {Dex+1 Curse}
 72271 | Vaults:4 | Killed Jory
 73721 | Vaults:5 | Cast into the Abyss (deep elf sorcerer)
 73755 | Vaults:5 | Escaped the Abyss
 74193 | Vaults:5 | Identified the cursed +0,+2 great sword "Kuybrab" {slice, rPois Str+4}
 74209 | Vaults:5 | Got a silver rune of Zot
 74387 | Vaults:5 | Identified the +9,+9 trident of Mourning {flame, rF- rC+ rN+ MR+ Int+2 SInv}
 75117 | Vaults:5 | Identified the +2 plate armour "Neogue" {rElec}
 75136 | Vaults:5 | Identified the Almanac of Cankerous Attacks
 75369 | Vaults:5 | Found Huanev's Armour Shoppe.
 75378 | Vaults:5 | Reached XP level 22. HP: 168/185 MP: 37/37
 75405 | Vaults:5 | Reached skill level 22 in Armour
 75525 | Vaults:5 | Found Smeasat's Magic Scroll Emporium.
 75533 | Vaults:5 | Bought a scroll of recharging for 55 gold pieces
 75533 | Vaults:5 | Bought a scroll of enchant armour for 55 gold pieces
 75533 | Vaults:5 | Bought a scroll of enchant weapon I for 55 gold pieces
 75533 | Vaults:5 | Bought a scroll of silence for 75 gold pieces
 75533 | Vaults:5 | Bought a scroll of silence for 75 gold pieces
 75533 | Vaults:5 | Bought a scroll of enchant armour for 55 gold pieces
 75954 | D:21     | Identified the +3 scale mail "Pnufov" {Dex+3 Int-2}
 76013 | D:21     | Found a gateway to Hell.
 76136 | D:21     | Identified the cursed -2 chain mail of the Jabberwock {rPois rC+ Int-1}
 76296 | D:22     | Found a magical portal.
 76301 | WizLab   | Entered a wizard's laboratory
 76604 | WizLab   | Found a blossoming altar of Fedhas.
 76787 | WizLab   | Identified The Intricacies of Wizardry
 76789 | WizLab   | Identified the Papyrus of Ensnaring Conjuration
 76792 | WizLab   | Identified the Grimoire of Execration
 76797 | WizLab   | Identified The Foundations of Magic
 77017 | D:22     | Found Hodiz's Distillery.
 77024 | D:22     | Bought a potion of resistance for 84 gold pieces
 77024 | D:22     | Bought a potion of resistance for 84 gold pieces
 77024 | D:22     | Bought a potion of curing for 24 gold pieces
 77024 | D:22     | Bought a potion of heal wounds for 36 gold pieces
 77024 | D:22     | Bought a potion of heal wounds for 36 gold pieces
 77024 | D:22     | Bought a potion of heal wounds for 36 gold pieces
 77025 | D:22     | Bought a potion of might for 30 gold pieces
 77495 | D:23     | Reached skill level 23 in Armour
 77540 | D:23     | Found a one-way gate to the infinite horrors of the Abyss.
 77769 | D:23     | Identified the Grimoire of Lethal Clay
 78401 | D:23     | Identified Cigotuvi's Catalogue of Boosting Sinister Secrets
 78517 | D:23     | Identified the Compendium of the Valley of Death
 78955 | D:23     | Identified the Catalogue of Companions
 78994 | D:23     | Found Frimaiq's Assorted Antiques.
 79014 | D:23     | Bought a scroll of fear for 164 gold pieces
 79014 | D:23     | Bought a bronze ring for 1175 gold pieces
 79014 | D:23     | Bought a scroll of teleportation for 141 gold pieces
 79069 | D:23     | Identified the cursed -2 chain mail of the Morning {rPois MR++ Str+2 Curse}
 79151 | D:24     | Found a one-way gate leading to the halls of Pandemonium.
 79177 | D:24     | Reached skill level 24 in Armour
 79245 | D:24     | Noticed Saint Roka
 79264 | D:24     | Killed Saint Roka
 79364 | D:24     | Noticed Boris
 79381 | D:24     | Killed Boris
 79496 | D:24     | Identified the +3 chain mail "Etitir" {Str+1 Dex+4}
 80049 | D:25     | Entered Level 25 of the Dungeon
 80106 | D:25     | Identified the cursed +9,-1 great sword "Ciusifawk" {venom, *Tele rC+ MR++ Str+2}
 80437 | D:25     | Reached XP level 23. HP: 194/194 MP: 38/38
 81288 | D:25     | Found a glowing silver altar of Zin.
 81288 | D:25     | Noticed a silver star
 81293 | D:25     | Lost mutation: You digest meat inefficiently. [a silver star]
 81295 | D:25     | Killed a silver star
 81339 | D:25     | Identified the +6,+10 lajatang of Suicidal Tendencies {venom, rN+ Str-3 Stlth+}
 82612 | D:26     | Identified the ring of the Firefly {rF+ rC+ MR Dam+4}
 83295 | D:8      | Bought a scroll of remove curse for 45 gold pieces
 83953 | D:26     | Noticed Mennas
 84001 | D:26     | Killed Mennas
 84929 | D:26     | Found a shimmering altar of Xom.
 85058 | D:27     | Entered Level 27 of the Dungeon
 86554 | D:27     | Noticed Sojobo
 86812 | D:27     | Killed Sojobo
 87076 | D:23     | Bought a potion of restore abilities for 141 gold pieces
 87077 | D:23     | Bought a scroll of magic mapping for 164 gold pieces
 87248 | D:27     | Gained mutation: Your digestive system is specialised to digest meat. [potion of beneficial mutation]
 87251 | Zot:1    | Entered Level 1 of the Realm of Zot
 87267 | Zot:1    | Reached XP level 24. HP: 195/213 MP: 38/38
 87379 | Zot:2    | Reached skill level 25 in Fighting
 88119 | Zot:3    | Noticed an orb of fire
 88379 | Zot:4    | Reached skill level 26 in Fighting
 89077 | Zot:5    | Entered Level 5 of the Realm of Zot
 89982 | Zot:5    | Noticed an orb of fire
 89998 | Zot:5    | Killed an orb of fire
 89998 | Zot:5    | Reached skill level 27 in Fighting
 90149 | Zot:5    | Reached skill level 5 in Dodging
 90163 | Zot:5    | Gained mutation: You have a fast metabolism. [an orb of fire]
 90164 | Zot:5    | Noticed an ancient lich
 90164 | Zot:5    | Noticed an orb of fire
 90164 | Zot:5    | Gained mutation: Your body is deteriorating. [an orb of fire]
 90170 | Zot:5    | Noticed an orb of fire
 90172 | Zot:5    | Killed an ancient lich
 90173 | Zot:5    | Noticed an orb of fire
 90176 | Zot:5    | Gained mutation: Your vision is a little blurry. [an orb of fire]
 90179 | Zot:5    | Killed an orb of fire
 90181 | Zot:5    | Noticed an ancient lich
 90192 | Zot:5    | Gained mutation: You tend to lose your temper in combat. [an orb of fire]
 90193 | Zot:5    | Noticed an orb of fire
 90193 | Zot:5    | Noticed an orb of fire
 90193 | Zot:5    | Noticed an orb of fire
 90197 | Zot:5    | Noticed an ancient lich
 90204 | Zot:5    | Gained mutation: You heal slowly. [an orb of fire]
 90205 | Zot:5    | HP: 3/221 [Orb Guardian (31)]
 90205 | Zot:5    | Gained mutation: Your magical capacity is low (-10% MP). [an orb of fire]
 90206 | Zot:5    | Demolished by an Orb Guardian

Action                   |  1- 3 |  4- 6 |  7- 9 | 10-12 | 13-15 | 16-18 | 19-21 | 22-24 || total
-------------------------+-------+-------+-------+-------+-------+-------+-------+-------++-------
Melee: Unarmed           |   111 |    26 |       |       |       |       |       |       ||   137
       Hand axe          |       |    26 |       |       |       |       |       |       ||    26
       Falchion          |       |    99 |   386 |  1189 |   123 |       |       |       ||  1797
       Great sword       |       |       |       |       |  1594 |  1680 |  1684 |  1774 ||  6732
 Fire: Blowgun           |       |    27 |       |       |       |       |       |       ||    27
Invok: Scrying           |       |       |       |       |       |     1 |       |     1 ||     2
Evoke: Wand              |       |     1 |     5 |    34 |    33 |    13 |    25 |    29 ||   140
       Miscellaneous     |       |       |       |     1 |     2 |       |    27 |     3 ||    33
  Use: Scroll            |       |     6 |     3 |    13 |    22 |    34 |    16 |    13 ||   107
       Potion            |       |       |     2 |    10 |     7 |    13 |    13 |    15 ||    60
 Stab: Sleeping          |     1 |       |       |       |       |       |       |       ||     1
       Distracted        |       |       |     1 |     1 |     3 |       |     9 |       ||    14
       Invisible         |       |       |       |     3 |     3 |       |       |       ||     6
       Fleeing           |       |       |       |       |       |     1 |     1 |       ||     2
       Held in net/web   |       |       |       |       |       |       |     2 |       ||     2
